 Dungeon Crawl Stone Soup version 0.19-a0-19-gf75ed07 (webtiles) character file.

14861 epen the Jinx (level 11, -3/81 HPs)
             Began as a Vampire Enchanter on Apr 30, 2016.
             Was a Priest of Dithmenos.
             Slain by a wolf spider simulacrum (15 damage)
             ... in an ice cave.
             The game lasted 00:39:57 (18386 turns).

epen the Jinx (Vampire Enchanter)                  Turns: 18386, Time: 00:39:59

Health: -3/81      AC: 10    Str: 11    XL:     11   Next: 94%
Magic:  21/21      EV: 23    Int: 18    God:    Dithmenos [***...]
Gold:   777        SH:  0    Dex: 18    Spells: 6 memorised, 9 levels left

rFire  . . .     SeeInvis +     D - +1 dagger (protect)
rCold  + . .     Gourm    .     b - +2 robe
rNeg   + + .     Faith    .     (no shield)
rPois  +         Spirit   .     (no helmet)
rElec  .         Dismiss  .     (no cloak)
rCorr  .         Reflect  .     s - +0 pair of gloves
SustAt .         Harm     .     (no boots)
MR     +....                    (no amulet)
Stlth  ++++++++..               B - ring of Shaolin {EV+8}
                                y - +4 ring of strength

@: regenerating slowly, wreathed by umbra, somewhat resistant to hostile
enchantments, extraordinarily stealthy
A: fangs 3, see invisible, unbreathing
a: Bat Form, Shadow Step, Renounce Religion


You were in an ice cave.
You worshipped Dithmenos.
Dithmenos was most pleased with you.
You were very thirsty.

You visited 3 branches of the dungeon, and saw 15 of its levels.
You also visited: Ice Cave.

You collected 777 gold pieces.

Inventory:

Hand Weapons
 D - a +1 dagger of protection (weapon)
Missiles
 u - 2 throwing nets (quivered)
Armour
 b - a +2 robe (worn)
 s - a +0 pair of gloves (worn)
Magical Staves
 p - an uncursed staff of energy
Jewellery
 y - a +4 ring of strength (left hand)
 B - the ring of Shaolin (right hand) {EV+8}
   (You found it on level 8 of the Dungeon)

   [ring of evasion]

   It affects your evasion (+8).
Wands
 n - a wand of digging (8/24)
 w - a wand of heal wounds (9/9)
 I - a wand of iceblast (7/15)
 J - a wand of slowing (11/48)
Scrolls
 e - 5 scrolls of teleportation
 g - 4 scrolls of random uselessness
 k - 2 scrolls of enchant weapon
 l - 8 scrolls of identify
 o - 4 scrolls of remove curse
 C - 2 scrolls of enchant armour
 E - a scroll of blinking
Potions
 d - 25 potions of blood
 f - a potion of haste
 h - 3 potions of ambrosia
 i - 3 potions of resistance
 j - 4 potions of lignification
 m - 2 potions of magic {unknown}
 q - a potion of might
 r - 8 potions of curing
 t - 3 potions of heal wounds
 v - 8 potions of brilliance
 A - 2 potions of mutation {unknown}
 F - a potion of agility {unknown}
 G - a potion of cure mutation {unknown}
Books
 c - a book of Maledictions

   Spells                             Type                      Level
   a - Corona                         Hexes                        1
   b - Ensorcelled Hibernation        Hexes/Ice                    2
   c - Confuse                        Hexes                        3
   d - Tukima's Dance                 Hexes                        3
   e - Dazzling Spray                 Conjuration/Hexes            3
 x - a book of the Earth

   Spells                             Type                      Level
   a - Leda's Liquefaction            Hexes/Earth                  4
   b - Bolt of Magma                  Conjuration/Fire/Earth       5
   c - Statue Form                    Transmutation/Earth          6
   d - Iron Shot                      Conjuration/Earth            6
   e - Shatter                        Earth                        9
 z - a book of Burglary

   Spells                             Type                      Level
   a - Swiftness                      Charms/Air                   2
   b - Passwall                       Transmutation/Earth          2
   c - Passage of Golubria            Translocation                4
   d - Lee's Rapid Deconstruction     Earth                        5
   e - Darkness                       Hexes                        6
   f - Invisibility                   Hexes                        6


   Skills:
 + Level 6.1 Fighting
 * Level 10.4 Short Blades
 * Level 10.5 Dodging
 + Level 10.6 Stealth
 + Level 6.8 Spellcasting
 + Level 10.7 Hexes
 - Level 4.8 Transmutations


You had 9 spell levels left.
You knew the following spells:

 Your Spells              Type           Power        Failure   Level  Hunger
a - Corona                Hex            #####..      1%          1    None
b - Ensorcelled Hibernat  Hex/Ice        ####..       1%          2    None
c - Tukima's Dance        Hex            #####...     1%          3    ##.....
d - Confuse               Hex            #####...     1%          3    ##.....
e - Dazzling Spray        Conj/Hex       ####....     3%          3    ##.....
f - Passwall              Trmt/Erth      ##........   8%          2    None


Dungeon Overview and Level Annotations

Branches:
Dungeon (11/15)            Temple (1/1) D:6            Lair (3/8) D:11
  Swamp: Lair:3-6    Shoals: Lair:3-6     Snake: Lair:3-6    Spider: Lair:3-6
    Orc: D:9-12

Altars:
Ashenzari
Cheibriados
Dithmenos
Elyvilon
Fedhas
Gozag
Kikubaaqudgha
Makhleb
Okawaru
Pakellas
Qazlal
Ru
Sif Muna
Zin


Innate Abilities, Weirdness & Mutations

You heal slowly.
You have razor-sharp teeth.
You have supernaturally acute eyesight.
You can survive without breathing.


Message History

The wolf spider simulacrum closely misses you.
The wolf spider simulacrum bites you. The wolf spider simulacrum freezes you!
You resist. The wolf spider simulacrum misses you.
The wolf spider simulacrum closely misses you.
There is an ice choked empty arch of ancient stone here.
The wolf spider simulacrum closely misses you.
The wolf spider simulacrum completely misses you.
There is an ice covered gate leading back out of this place here.
You hit the wolf spider simulacrum but do no damage.
The wolf spider simulacrum misses you. The wolf spider simulacrum bites you!
The wolf spider simulacrum freezes you! You resist.
* * * LOW HITPOINT WARNING * * *
You are too injured to fight recklessly!
You are too injured to fight recklessly!
The wolf spider simulacrum barely misses you.
The wolf spider simulacrum completely misses you.
The wolf spider simulacrum hits you!
* * * LOW HITPOINT WARNING * * *
The wolf spider simulacrum freezes you! You resist.
You die...

...##
#...#
##...#
#...#
##...##
##.....##
#...ZZ..#
#..ZZ...#
##..@..##
##...##
#####


You could see a death yak simulacrum, an elephant simulacrum and 2 wolf spider
simulacra.

Vanquished Creatures
  Josephine (D:11)
  A hydra (Lair:1)
  Urug (Lair:2)
  3 hill giants
  A black mamba (Lair:2)
  Joseph (D:8)
  3 spiny frogs
  A troll (D:8)
  Sigmund (D:6)
  A steam dragon (D:8)
  4 wraiths (D:11)
  19 yaks
  A basilisk (Lair:1)
  3 hippogriffs
  3 wargs (D:11)
  5 water moccasins
  2 porcupines (Lair:2)
  5 sky beasts
  2 orc warriors (D:6)
  2 phantoms
  An ogre (D:7)
  3 wolves (Lair:1)
  3 centaurs
  4 crocodiles
  A big kobold (D:9)
  8 giant frogs
  7 killer bees
  A howler monkey (D:8)
  An electric eel (D:7)
  3 crimson imps
  A centaur zombie (D:6)
  A wasp zombie (D:10)
  3 orc priests
  A giant frog skeleton (D:8)
  5 hounds
  3 centaur skeletons
  Terence (D:3)
  5 iguanas
  7 orc wizards
  7 worker ants
  7 sheep (Lair:1)
  A killer bee zombie (D:9)
  2 hound skeletons
  2 hound zombies (D:9)
  3 worker ant zombies
  14 adders
  7 gnolls
  A howler monkey skeleton (D:8)
  28 river rats
  4 shadow imps
  An ooze (D:3)
  An adder skeleton (D:10)
  An adder zombie (D:8)
  3 worms
  3 dart slugs
  A giant gecko (D:3)
  36 orcs
  13 giant cockroaches
  7 goblins
  13 hobgoblins
  11 jackals
  15 kobolds
  6 quokkas
  A ball python (D:1)
  7 bats
  7 giant newts
  A jackal skeleton (D:5)
  A quokka skeleton (D:4)
  7 rats
330 creatures vanquished.

Vanquished Creatures (collateral kills)
  2 orcs (D:6)
  A goblin (D:3)
  2 hobgoblins (D:6)
5 creatures vanquished.

Vanquished Creatures (others)
  A wolf spider (D:8)
  2 dancing weapons
3 creatures vanquished.

Grand Total: 338 creatures vanquished

Notes
Turn   | Place    | Note
--------------------------------------------------------------
     0 | D:1      | epen the Vampire Enchanter began the quest for the Orb.
     0 | D:1      | Reached XP level 1. HP: 13/13 MP: 3/3
   403 | D:1      | Reached XP level 2. HP: 16/19 MP: 5/5
   407 | D:1      | Learned a level 2 spell: Ensorcelled Hibernation
  1311 | D:2      | Found a shattered altar of Ashenzari.
  1693 | D:2      | Reached XP level 3. HP: 21/24 MP: 6/6
  1980 | D:2      | Found a burning altar of Makhleb.
  2312 | D:3      | Reached XP level 4. HP: 24/31 MP: 1/7
  2644 | D:3      | Learned a level 3 spell: Tukima's Dance
  3064 | D:3      | Noticed Terence
  3069 | D:3      | Killed Terence
  3069 | D:3      | Reached skill level 1 in Fighting
  3069 | D:3      | Reached skill level 5 in Hexes
  3136 | D:3      | Reached XP level 5. HP: 36/37 MP: 6/9
  3166 | D:3      | Learned a level 3 spell: Confuse
  3243 | D:3      | Reached skill level 5 in Stealth
  3290 | D:3      | Found a white marble altar of Elyvilon.
  3290 | D:3      | Found a blossoming altar of Fedhas.
  3934 | D:4      | Reached XP level 6. HP: 29/43 MP: 5/10
  5101 | D:5      | Entered Level 5 of the Dungeon
  5184 | D:5      | Found a glowing silver altar of Zin.
  5226 | D:5      | Noticed a sky beast
  5233 | D:5      | Killed a sky beast
  5233 | D:5      | Reached XP level 7. HP: 43/49 MP: 4/11
  5427 | D:5      | Learned a level 3 spell: Dazzling Spray
  6085 | D:6      | Found a staircase to the Ecumenical Temple.
  6125 | Temple   | Entered the Ecumenical Temple
  6146 | Temple   | Became a worshipper of Dithmenos the Shadowed
  8127 | D:6      | Found an ancient bone altar of Kikubaaqudgha.
  8239 | D:6      | Reached skill level 5 in Dodging
  8346 | D:6      | Noticed Sigmund
  8447 | D:6      | Killed Sigmund
  8447 | D:6      | Reached skill level 5 in Short Blades
  8447 | D:6      | Reached XP level 8. HP: 36/57 MP: 2/13
 10166 | D:8      | Reached XP level 9. HP: 50/64 MP: 10/15
 10210 | D:8      | Learned a level 2 spell: Passwall
 10287 | D:8      | Noticed Joseph
 10297 | D:8      | Killed Joseph
 10304 | D:8      | Reached skill level 1 in Transmutations
 10481 | D:8      | Noticed a troll
 10484 | D:8      | Killed a troll
 10634 | D:8      | Found an oddly glowing altar of Pakellas.
 10635 | D:8      | Noticed a wolf spider
 10642 | D:8      | Killed a wolf spider
 10951 | D:9      | Reached * piety under Dithmenos
 11240 | D:9      | Found an iron altar of Okawaru.
 11395 | D:9      | Reached skill level 5 in Spellcasting
 11637 | D:10     | Entered Level 10 of the Dungeon
 11736 | D:10     | Noticed a hill giant
 11742 | D:10     | Killed a hill giant
 11742 | D:10     | Reached XP level 10. HP: 73/73 MP: 10/17
 11819 | D:10     | Noticed a hill giant
 11827 | D:10     | Killed a hill giant
 11962 | D:10     | Reached ** piety under Dithmenos
 12419 | D:11     | Noticed Josephine
 12600 | D:11     | Found a staircase to the Lair.
 14183 | D:11     | Reached skill level 5 in Fighting
 14628 | D:11     | Noticed a hill giant
 15252 | D:11     | Killed Josephine
 15252 | D:11     | Reached XP level 11. HP: 57/80 MP: 17/19
 15313 | D:11     | Killed a hill giant
 15544 | Lair:1   | Entered Level 1 of the Lair of Beasts
 15657 | Lair:1   | Noticed a seven-headed hydra
 15682 | Lair:1   | Killed a seven-headed hydra
 15853 | Lair:1   | Reached *** piety under Dithmenos
 15928 | Lair:1   | Reached skill level 10 in Hexes
 16584 | Lair:2   | Noticed Urug
 16590 | Lair:2   | Killed Urug
 16590 | Lair:2   | Reached skill level 10 in Stealth
 16702 | Lair:2   | Reached skill level 10 in Dodging
 16968 | Lair:2   | Reached skill level 10 in Short Blades
 18366 | Lair:3   | Found a frozen archway.
 18375 | IceCv    | Entered an ice cave
 18386 | IceCv    | Slain by a wolf spider simulacrum

Vault maps used:
D:1:      mainiacjoe_arrival_reflecting_pool
D:2:      lemuel_round_altar, makhleb_grotto_becter, kennysheep_doodads
D:3:      gammafunk_temple_overflow_statue, serial_bayou, serial_bayou_shore_b,
          serial_bayou_pond_b, serial_bayou_pond_e, serial_bayou_lagoon_a,
          serial_bayou_pond_a, uniq_terence
D:4:      first_bread
D:5:      nicolae_overflow_crystal_walls
D:6:      lemuel_crystal_altar, temple_pool_b, small_statue_intersection,
          sigmund_army
D:7:      minmay_misc_feat_alley, minivault_14, grunt_ogre_cave,
          kennysheep_pointless_box
D:8:      minmay_curly_fans, gammafunk_pakellas_cloud_experiment, uniq_joseph
D:9:      okawaru_metal_pillars_1_2
D:11:     erik_lair_orcish_takeover, lab_entry_generic, uniq_josephine
Temple:   water_room_temple_b_12
Lair:2:   st_stairs_4, beast_lair_carwin_7, lemuel_fruit_fields,
          lemuel_fruit_tree, uniq_urug
Lair:3:   minmay_swamp_entry_reptiles, spider_nest_entry_rubble,
          portal_ice_cave_entry_pillars_01, grunt_megastairs_5
IceCv:    ice_cave_small_necro

Skill      XL: |  1  2  3  4  5  6  7  8  9 10 11 |
---------------+----------------------------------+-----
Short Blades   | 2 3 4 5 6 7 9 10 | 10.4
Fighting       | 1 2 3 4 5 6 |  6.1
Dodging        | 3 4 5 6 8 9 10 | 10.5
Hexes          | 5 6 7 8 9 10 | 10.7
Stealth        | 5 6 7 8 9 10 | 10.6
Spellcasting   | 3 4 5 6 |  6.8
Transmutations | 3 4 |  4.8

Action                   |  1- 3 |  4- 6 |  7- 9 | 10-12 || total
-------------------------+-------+-------+-------+-------++-------
Melee: Dagger            |   153 |   175 |   338 |   764 ||  1430
       Bite              |     6 |     8 |    33 |   110 ||   157
 Cast: Ensorcelled Hiber |     2 |    27 |    51 |    91 ||   171
       Tukima's Dance    |       |     6 |     8 |     3 ||    17
       Confuse           |       |       |    12 |     8 ||    20
       Dazzling Spray    |       |       |       |    45 ||    45
 Abil: End Transformatio |       |     1 |     2 |     3 ||     6
       Bat Form          |       |     1 |     2 |     3 ||     6
  Use: Potion            |       |     1 |     2 |     2 ||     5
       Scroll            |       |    14 |     8 |     3 ||    25
 Stab: Sleeping          |    13 |    30 |    58 |    64 ||   165
       Distracted        |     1 |     1 |     2 |     6 ||    10
       Confused          |       |       |     4 |     3 ||     7
       Invisible         |       |       |       |     7 ||     7
Armor: Robe              |    37 |    18 |    35 |    24 ||   114
Dodge: Dodged            |    85 |    91 |   227 |   566 ||   969
